AoeStats
← Livakovic

Arabia

509273017Analyzed
2v2 RM · 8d ago on Sep 26, 2026· 39m 52s· 4 players
Game mode
Random Map
Map size
Medium (4 player)
Population
200
Speed
Normal
Resources
Standard
Victory
Conquest
Starting age
Dark Age
Ending age
Imperial Age
RankedLock teamsTeams togetherTeam positionsShared explorationLock speedFull tech treeHidden civsTurbo modeCheats
Victory
Defeat
🇺🇸 Huns · United States
702
+9
🇦🇷 Byzantines · Argentina
649
+12
🇨🇱 Chinese · Chile
559
-11
528
-10
Roberto Manfinfla
10:18 Feudal Age
10:45 Horse Collar
20:31 Castle Age
18:27 Double-Bit Axe
20:34 Pikeman
26:06 Stone Mining
27:31 Squires
28:13 Stone Shaft Mining
27:51 Bow Saw
27:46 Heavy Plow
39:23 Imperial Age
38:30 Padded Archer Armor
38:21 Fletching
TESTOSTERONA > 2000 ng/dL
10:06 Feudal Age
20:28 Castle Age
20:03 Double-Bit Axe
20:00 Horse Collar
21:58 Forging
21:57 Scale Barding Armor
22:45 Cavalier
23:26 Husbandry
31:56 Wheelbarrow
32:18 Wheelbarrow
32:02 Heavy Plow
35:07 Imperial Age
34:20 Iron Casting
34:06 Chain Barding Armor
33:11 Man-at-Arms
33:52 Squires
36:54 Hand Cart
37:01 Gold Mining
37:02 Stone Mining
36:39 Paladin
37:01 Long Swordsman
Livakovic
7:50 Loom
11:06 Feudal Age
11:33 Horse Collar
11:39 Double-Bit Axe
15:21 Wheelbarrow
20:40 Man-at-Arms
25:01 Castle Age
23:15 Fletching
23:26 Padded Archer Armor
24:26 Forging
24:05 Arson
25:14 Scale Mail Armor
26:16 Gold Mining
26:18 Stone Mining
26:41 Bow Saw
26:40 Caravan
27:27 Heavy Plow
28:36 Iron Casting
28:18 Chain Mail Armor
27:59 Bodkin Arrow
29:47 Gold Shaft Mining
29:50 Stone Shaft Mining
31:23 Scale Barding Armor
31:33 Leather Archer Armor
33:09 Squires
32:32 Long Swordsman
34:05 Hand Cart
34:22 Pikeman
35:48 Murder Holes
38:10 Chain Barding Armor
37:57 Husbandry
38:30 Elite Skirmisher
39:16 Thumb Ring
39:29 Gambesons
IshD4ddy
10:49 Feudal Age
9:05 Loom
11:52 Double-Bit Axe
12:30 Horse Collar
18:22 Wheelbarrow
22:49 Castle Age
21:58 Bloodlines
21:42 Fletching
22:50 Padded Archer Armor
22:45 Gold Mining
22:46 Stone Mining
27:24 Bow Saw
28:09 Bodkin Arrow
28:34 Heavy Plow
32:12 Leather Archer Armor
33:58 Thumb Ring
36:27 Hand Cart
39:51 Imperial Age
37:07 Town Watch
39:23 Gold Shaft Mining
39:13 Ballistics
38:49 Murder Holes
39:06 Masonry
Connection lost

Rejoining the realm…

Still unreachable

The connection could not be restored.

Session expired

The server has moved on; the page needs a fresh start.